 Dungeon Crawl Stone Soup version 0.31.0-2-g5a2aebc5c2 (webtiles) character file.

Game seed: 9354628906435421236

168 apoch the Changeling (level 5, -2/40 HPs)
             Began as a Merfolk Shapeshifter on Jan 21, 2024.
             Incinerated by a bombardier beetle (5 damage)
             ... with a burning spray
             ... on level 3 of the Dungeon.
             The game lasted 00:04:35 (2763 turns).

apoch the Changeling (Merfolk Shapeshifter)         Turns: 2763, Time: 00:04:35

Health: -2/40      AC:  8    Str: 17    XL:     5   Next: 48%
Magic:  5/5        EV:  8    Int:  9    God:
Gold:   148        SH:  0    Dex: 13    Spells: 4/4 levels left

rFire   . .          .
                       - Unarmed
rCold   . . .        (no shield)
rNeg    . . .        e - +0 chain mail
rPois   .            (helmet currently unavailable)
rElec   .            (cloak currently unavailable)
rCorr   .            (gloves currently unavailable)
SInv    .            (boots currently unavailable)
Will    .....        (no amulet) Stlth
                     (no ring)
HPRegen 0.26/turn    (no ring)
MPRegen 0.09/turn

%: no passive effects
@: mighty, on fire, beast-form, glowing
A: beast (slay +2), (nimble swimmer 2), mertail
a: Begin Untransformation


You were on level 3 of the Dungeon.
You were a hulking beast.
You visited 1 branch of the dungeon, and saw 3 of its levels.

You collected 148 gold pieces.

Inventory:

Missiles
 h - 17 stones (quivered)
 i - 4 poisoned darts
Armour
 a - a +0 animal skin
 e - a +0 chain mail (worn)
Talismans
 c - a beast talisman
 d - a flux talisman
Scrolls
 b - a scroll of revelation {unknown}
 f - 3 scrolls of identify {unknown}
 j - a scroll of blinking {unknown}
 l - a scroll of noise {unknown}
Potions
 g - 3 potions of might
 k - a potion of curing {unknown}


   Skills:
 + Level 2.9 Fighting
 + Level 4.3 Dodging
 + Level 4.3 Unarmed Combat
 + Level 5.0 Shapeshifting


You had 4 spell levels left.
You didn't know any spells.
Your spell library contained the following spells:

 Spells                   Type           Power      Damage    Failure   Level
 Call Canine Familiar     Summ           0%         N/A       100%        3
 Sigil of Binding         Hex            0%         N/A       100%        3
 Dimensional Bullseye     Hex/Tloc       0%         N/A       100%        4


Dungeon Overview and Level Annotations

Branches:
Dungeon (3/15)

Altars:


Innate Abilities, Weirdness & Mutations

You are a hulking beast.
Your limbs bulge with bestial killing power. (Slay +2)
((You are very nimble when in or above water. (Stealth+, EV+, Speed+++)))
Your lower body shifts to a powerful aquatic tail in water.


Message History

You are too injured to fight recklessly!
You shake off some of the fire as you move.
The liquid fire burns you!
The bombardier beetle sprays incendiary fluid at you.
The burning spray hits you.
You are even more covered in liquid fire!
You barely miss the bombardier beetle. The liquid fire burns you!
You barely miss the bombardier beetle. The liquid fire burns you!
The bombardier beetle bites you but does no damage.
You hit the bombardier beetle but do no damage.
The liquid fire burns you!
You hit the bombardier beetle.
The bombardier beetle is lightly wounded.
The liquid fire burns you!
The bombardier beetle bites you but does no damage.
You hit the bombardier beetle but do no damage.
The bombardier beetle is lightly wounded.
The liquid fire burns you!
You hit the bombardier beetle.
The bombardier beetle is moderately wounded.
The liquid fire burns you!
* * * LOW HITPOINT WARNING * * *
The bombardier beetle bites you but does no damage.
You hit the bombardier beetle.
The bombardier beetle is heavily wounded.
The liquid fire burns you!
* * * LOW HITPOINT WARNING * * *
You barely miss the bombardier beetle.
The bombardier beetle is heavily wounded.
The liquid fire burns you!
* * * LOW HITPOINT WARNING * * *
The bombardier beetle sprays incendiary fluid at you.
The burning spray hits you.
You are even more covered in liquid fire!
It was a potion of might.
You feel very mighty all of a sudden. The liquid fire burns you!
You die...

#####+######
#..........#####
#..............#
######..............#
#.!.................#
#......h##.#........# #
#......B##.#........#.#
#.......##.#...........
#.......##.#........#
#.......##.#........#
#.......##.#.#'######
##########.#+#.#
#.....<..# #........###


You could see a bombardier beetle.

Vanquished Creatures
  Natasha (thrice) (D:2)
  4 adders (D:2)
  A white imp (D:3)
  A ribbon worm (D:2)
  A dart slug (D:2)
  4 ball pythons
  2 endoplasms
  6 goblins
  3 hobgoblins
  5 jackals (D:2)
  4 quokkas
  5 bats
  2 frilled lizards (D:2)
  A kobold (D:1)
  8 rats
50 creatures vanquished.

Notes
Turn   | Place    | Note
-------+----------+-------------------------------------------
     0 | D:1      | apoch the Merfolk Shapeshifter began the quest for the Orb.
     0 | D:1      | Reached XP level 1. HP: 15/15 MP: 1/1
   275 | D:1      | Reached XP level 2. HP: 21/21 MP: 2/2
   969 | D:2      | Reached XP level 3. HP: 24/27 MP: 3/3
  1395 | D:2      | Reached XP level 4. HP: 27/33 MP: 4/4
  1728 | D:2      | Noticed Natasha
  1749 | D:2      | Killed Natasha
  1848 | D:2      | Noticed Natasha
  1854 | D:2      | Killed Natasha
  1855 | D:2      | Reached XP level 5. HP: 20/39 MP: 5/5
  2151 | D:2      | Noticed Natasha
  2159 | D:2      | Killed Natasha
  2160 | D:2      | Reached skill level 5 in Shapeshifting
  2347 | D:3      | HP: 2/40 [white imp (3)]
  2763 | D:3      | Incinerated by a bombardier beetle

Illustrated notes

Levels and vault maps discovered:
D:1:      pf_arrival_petrified_forest, layout_basic
D:2:      minmay_door_path, layout_basic, hangedman_abyss_or_decor_stabs,
          corexii_item_surrounded_by_moat, bh_walls_and_bars, uniq_natasha
D:3:      layout_basic, nicolae_ru_sacrificial_ziggurat

Skill      XL: |  1  2  3  4  5 |
---------------+----------------+-----
Dodging        | 3 4 |  4.3
Fighting       | 2 |  2.9
Unarmed Combat | 4 |  4.3
Shapeshifting  | 5 |  5.0

Action                     |  1- 3 |  4- 6 || total
---------------------------+-------+-------++-------
  Melee: Unarmed           |    91 |    75 ||   166
         Punch             |     1 |     3 ||     4
  Throw: Stone             |     2 |    14 ||    16
    Use: Potion            |       |     2 ||     2
 Armour: Chain mail        |    65 |    75 ||   140
         Skin              |       |     5 ||     5
  Dodge: Dodged            |    40 |    26 ||    66
